Map: Cyber Forest LE

Players

QueensGambit

  • Race: Zerg Zerg
  • League: Diamond
  • Spawn Location: 11:00

A.I. 1 (Easy) - Winner!

  • Race: Terran Terran
  • Spawn Location: 5:00

VOD

Have the link to the VOD?

Description

Time

  • Played on: April 11, 2019, 6:56 p.m.
  • Length: 10:15
Show
View Real Time Build Order
Export as new Build Order

QueensGambit Zerg 

Build Orders: Hatch First 

Get SALT Encoding   

  12  0:01  Drone  
  13  0:12  Overlord  
  13  0:17  Drone  
  14  0:30  Drone  
  14  0:31  Drone  
  14  0:34  Drone  
  17  0:53  Hatchery  
  17  0:55  Drone  
  17  0:58  Drone  
  18  1:09  Extractor  
  17  1:13  Spawning Pool  
  17  1:16  Drone  
  17  1:19  Drone  
  18  1:28  Drone  
  19  1:38  Overlord  
  19  1:50  Drone  
  20  2:00  Queen  
  20  2:01  Zergling x2  
  23  2:04  Queen  
  23  2:05  Zergling x2  
  26  2:12  Metabolic Boost  
  26  2:13  Drone  
  27  2:17  Drone  
  27  2:21  Drone  
  29  2:26  Drone  
  30  2:33  Drone  
  31  2:37  Drone  
  31  2:43  Hatchery  
  31  2:48  Overlord  
  31  2:52  Pneumatized Carapace  
  31  2:55  Drone  
  31  2:57  Drone  
  33  2:59  Drone  
  33  3:04  Drone  
  35  3:07  Drone  
  35  3:10  Drone  
  37  3:13  Drone x3  
  37  3:15  Drone  
  41  3:21  Overlord  
  41  3:23  Overlord  
  41  3:35  Queen  
  41  3:38  Queen  
  45  3:42  Zergling x2  
  45  3:43  Zergling x8  
  45  3:48  Drone x3  
  51  3:49  Drone  
  51  3:52  Drone  
  55  3:56  Drone x2  
  55  4:02  Drone  
  58  4:07  Drone x2  
  60  4:10  Drone x2  
  60  4:11  Queen  
  60  4:12  Overlord  
  64  4:19  Overlord x2  
  64  4:21  Overlord  
  64  4:26  Drone  
  64  4:29  Drone  
  66  4:32  Drone  
  66  4:34  Drone  
  66  4:38  Drone  
  69  4:41  Baneling Nest  
  69  4:42  Lair  
  68  4:50  Drone  
  68  4:51  Drone x8  
  77  4:56  Drone  
  78  5:00  Overlord x2  
  78  5:05  Extractor  
  77  5:08  Extractor  
  77  5:09  Extractor x3  
  73  5:21  Drone  
  74  5:22  Drone x3  
  74  5:23  Drone x2  
  74  5:24  Drone x3  
  74  5:25  Drone x2  
  74  5:26  Drone  
  85  5:29  Evolution Chamber x2  
  85  5:33  Overlord x2  
  83  5:40  Centrifical Hooks  
  83  5:41  Drone  
  84  5:46  Hatchery  
  84  5:47  Drone  
  84  5:48  Drone x2  
  84  5:49  Hydralisk Den  
  85  5:55  Zerg Ground Armor Level 1  
  85  5:56  Zerg Melee Weapons Level 1  
  85  6:00  Hatchery  
  85  6:01  Queen  
  85  6:02  Overlord  
  85  6:03  Zergling x2  
  91  6:04  Zergling x20  
  91  6:05  Zergling x2  
  98  6:16  Zergling x2  
  98  6:17  Zergling x4  
  101  6:19  Grooved Spines  
  101  6:42  Hydralisk  
  101  6:43  Hydralisk x8  
  101  6:44  Hydralisk  
  121  6:48  Hydralisk  
  121  6:50  Hydralisk  
  125  6:57  Drone  
  125  6:58  Drone x9  
  125  6:59  Overlord x2  
  135  7:02  Overlord  
  135  7:04  Baneling x2  
  135  7:05  Baneling x2  
  135  7:06  Baneling x4  
  135  7:14  Hydralisk x3  
  141  7:18  Baneling x3  
  140  7:28  Extractor  
  140  7:29  Extractor  
  137  7:30  Drone x3  
  137  7:31  Muscular Augments, Drone x3  
  137  7:32  Drone x4  
  147  7:47  Overlord x2  
  147  7:49  Zerg Ground Armor Level 2  
  147  7:50  Zerg Melee Weapons Level 2  
  147  7:55  Hatchery, Infestation Pit, Drone x2  
  147  8:05  Hydralisk  
  149  8:06  Hydralisk  
  149  8:07  Hydralisk x5  
  149  8:09  Zergling x26  
  174  8:16  Overlord x2  
  172  8:47  Hive  
  170  8:57  Overlord x2  
  170  9:13  Drone  
  170  9:14  Drone x4  
  170  9:15  Spine Crawler  
  174  9:18  Spore Crawler, Spine Crawler x2  
  174  9:20  Drone, Spine Crawler  
  174  9:21  Drone x2, Spine Crawler  
  174  9:22  Drone x3  
  175  9:24  Spine Crawler  
  174  9:38  Spine Crawler  
  174  9:39  Spine Crawler x2  
  174  9:41  Spore Crawler, Spine Crawler  
  169  10:06  Ultralisk Cavern  
Show
View Real Time Build Order
Export as new Build Order

A.I. 1 (Easy) Terran - Winner!

Build Orders:  

Get SALT Encoding   

  12  0:00  SCV  
  13  0:13  SCV  
  14  0:18  Supply Depot  
  14  0:25  SCV  
  15  0:40  SCV  
  16  0:44  Barracks  
  16  0:45  Refinery  
  16  1:10  Supply Depot  
  16  1:20  Refinery  
  16  1:32  Orbital Command  
  16  1:33  Marine  
  17  1:52  Barracks Tech Lab  
  17  2:10  Marine  
  17  2:14  Supply Depot  
  18  2:16  SCV  
  19  2:28  SCV  
  20  2:33  Marine  
  21  2:40  SCV  
  22  2:52  SCV  
  22  2:56  Marauder  
  25  3:04  SCV  
  26  3:17  SCV  
  26  3:19  Marine  
  28  3:42  Marauder  
  30  4:05  Marauder  
  32  4:30  SCV  
  32  5:39  SCV  
  31  6:33  SCV  
  32  6:44  Marine, Supply Depot  
  32  6:45  SCV  
  32  6:46  Factory  
  34  6:50  Command Center  
  34  7:00  SCV  
  35  7:01  Marine  
  35  7:08  Supply Depot  
  36  7:12  SCV  
  37  7:19  Marine  
  28  7:32  Starport  
  28  7:37  Marine  
  29  7:55  Marine  
  30  8:03  SCV  
  31  8:08  SCV  
  31  8:09  Starport Tech Lab, Refinery x2  
  32  8:13  Marine  
  32  8:15  SCV  
  34  8:20  SCV  
  34  8:27  Raven, SCV  
  35  8:31  Marauder  
  35  8:32  SCV  
  41  8:40  SCV  
  36  8:44  SCV  
  30  8:52  Marine, SCV  
  32  8:56  SCV  
  33  9:04  SCV  
  33  9:08  SCV  
  33  9:09  Raven  
  35  9:10  Marine  
  35  9:16  SCV  
  39  9:20  SCV  
  40  9:28  Marauder, SCV  
  43  9:32  SCV  
  44  9:40  SCV  
  44  9:44  SCV  
  46  9:49  Marauder  
  46  9:52  SCV  
  49  9:56  SCV  
Tags
 
League
Diamond
Matchup
TvZ
Spawn Locations
Cross Positions
Add a new tag
Caveats
  • Supply blocks, unpowered buildings, or Contaminate may cause inaccurate times.
  • Supply counts are checked every 10 seconds.